AoeStats
← Irving Legend

Arabia

507042849Analyzed
1v1 RM · 17d ago on Sep 16, 2026· 26m 16s· 2 players
Game mode
Random Map
Map size
Tiny (2 player)
Population
200
Speed
Normal
Resources
Standard
Victory
Conquest
Starting age
Dark Age
Ending age
Imperial Age
RankedLock teamsTeams togetherTeam positionsShared explorationLock speedFull tech treeHidden civsTurbo modeCheats
Victory
Defeat
🇨🇭 Magyars · Switzerland
1190
+15
🇨🇦 Khitans · Canada
1160
-15
Irving Legend
6:14 Loom
9:15 Feudal Age
9:21 Man-at-Arms
9:57 Double-Bit Axe
19:03 Town Watch
24:47 Castle Age
23:19 Scale Barding Armor
24:22 Forging
RAPTOR
6:28 Loom
9:50 Feudal Age
9:50 Man-at-Arms
10:28 Double-Bit Axe
21:06 Castle Age
19:14 Horse Collar
21:01 Bloodlines
Connection lost

Rejoining the realm…

Still unreachable

The connection could not be restored.

Session expired

The server has moved on; the page needs a fresh start.